 Dungeon Crawl Stone Soup version 0.29.0-4-gdea44cf6ec (webtiles) character file.

Game seed: 10442095595179606788

27 qw the Chopper (level 3, -2/29 HPs)
             Began as a Barachi Chaos Knight on Sept 6, 2022.
             Slain by a red devil
             ... wielding a +0 trident
             ... summoned by Xom
              (13 damage)
             ... on level 1 of the Dungeon.
             The game lasted 00:00:11 (371 turns).

qw the Chopper (Barachi Chaos Knight)                Turns: 371, Time: 00:00:12

Health: -2/29      AC:  5    Str: 15    XL:     3   Next: 10%
Magic:  3/3        EV: 11    Int: 12    God:
Gold:   17         SH:  0    Dex: 11    Spells: 2/2 levels left

rFire   . . .      SeeInvis .   a - +0 hand axe (chaos)
rCold   . . .      Faith    .   (no shield)
rNeg    . . .      Spirit   .   b - +2 leather armour
rPois   .          Reflect  .   (no helmet)
rElec   .          Harm     .   (no cloak)
rCorr   .          Rampage  .   (no gloves)
Will    .....                   (no boots)
Stlth   +.........              (no amulet)
HPRegen 0.09/turn               (no ring)
MPRegen 0.08/turn               (no ring)

@: spiked, slowed, very slow
A: amphibious, slowness 1, strong legs 1, +LOS
a: Hop


You were on level 1 of the Dungeon.
You visited 1 branch of the dungeon, and saw 1 of its levels.

You collected 17 gold pieces.


Innate Abilities, Weirdness & Mutations

You are amphibious.
You cover ground slowly.
You can hop short distances.
You have an extended range of vision and can be seen from far away.


   Skills:
 - Level 3.6 Fighting
 + Level 4.6 Axes
 - Level 2.4 Armour
 - Level 1.1 Dodging


You had 2 spell levels left.
You didn't know any spells.
Your spell library was empty.

Inventory:

Hand Weapons
 a - a +0 hand axe of chaos (weapon)
 e - a +0 club
Armour
 b - a +2 leather armour (worn)
Scrolls
 d - a scroll of identify {unknown}
Miscellaneous
 c - a piece from Xom's chessboard (15/15)

Dungeon Overview and Level Annotations

Branches:
Dungeon (1/15)

Altars:


Message History

The goblin shouts!
You hear a shout!
You hit the goblin.
You kill the goblin!
You have reached level 3!
Your experience leads to an increase in your attributes!
Increase (S)trength, (I)ntelligence, or (D)exterity?
You feel stronger. x2
A rat and a hobgoblin come into view.
Found a leather armour.
The hobgoblin shouts!
A quokka comes into view.
You see here a +0 dagger.
You hit the rat. You burn the rat.
You kill the rat!
You closely miss the hobgoblin. The hobgoblin hits you.
You hit the hobgoblin but do no damage. The hobgoblin misses you.
You hit the hobgoblin.
Lightning courses through the hobgoblin!
You kill the hobgoblin! "Let's see if it's strong enough to survive yet."
The divine experience drains your vigour!
You feel yourself slow down.
You closely miss the sun demon. You hit the quokka.
The quokka bites you but does no damage.
The quokka closely misses you.
You hit the quokka. You burn the quokka.
You kill the quokka!
You hit the sun demon but do no damage. The sun demon completely misses you.
The red devil hits you from afar with a +0 trident!
Ouch! That really hurt!
Barbed spikes become lodged in your body.
The sun demon barely misses you.
You hit the sun demon but do no damage.
The sun demon suddenly seems more agile.
The red devil hits you from afar with a +0 trident!
You die... "It was about time."

.#
#.####....######.#
.# #.# ####.# .#
#.# #.# .# ... #.#
.# ... ##.# .#
.... #..# .# ##.#
#4## #..# ##@#
.......%.3.#
..######.5.#
...... ##....#
...... .......
....#### ...[#


You could see a sun demon (summoned, agile), a red devil (summoned) and a white
imp (summoned).

Vanquished Creatures
  An adder (D:1)
  A dart slug (D:1)
  An endoplasm (D:1)
  A giant cockroach (D:1)
  2 goblins (D:1)
  2 hobgoblins (D:1)
  2 jackals (D:1)
  2 quokkas (D:1)
  A ball python (D:1)
  A rat (D:1)
14 creatures vanquished.

Notes
Turn   | Place    | Note
-------+----------+-------------------------------------------
     0 | D:1      | qw the Barachi Chaos Knight began the quest for the Orb.
     0 | D:1      | Reached XP level 1. HP: 18/18 MP: 1/1
     0 | D:1      | 0 ||| qw: Version: 0.1-a-108-g9e35731
     0 | D:1      | 0 ||| qw: Game counter: 6338
     0 | D:1      | 0 ||| qw: Always use a shield: true
     0 | D:1      | 0 ||| qw: God list: Okawaru
     0 | D:1      | 0 ||| qw: Allow faded altars: false
     0 | D:1      | 0 ||| qw: Do Orc after D:15 true
     0 | D:1      | 0 ||| qw: Do second Lair branch before Depths: true
     0 | D:1      | 0 ||| qw: Lair rune preference: random
     0 | D:1      | 0 ||| qw: Plans: Normal
     0 | D:1      | 0 ||| PLANNING D:1-11
     0 | D:1      | Fell from the grace of Xom
    26 | D:1      | 26 ||| Stepping ~*~*~tactically~*~*~ (stealth).
    27 | D:1      | 27 ||| Stepping ~*~*~tactically~*~*~ (stealth).
    62 | D:1      | XOM: polymorph bat -> adder
    80 | D:1      | Reached skill level 4 in Axes
    80 | D:1      | Reached XP level 2. HP: 12/24 MP: 2/2
   264 | D:1      | 264 ||| Stepping ~*~*~tactically~*~*~ (stealth).
   274 | D:1      | 274 ||| Stepping ~*~*~tactically~*~*~ (hiding).
   360 | D:1      | Reached XP level 3. HP: 29/29 MP: 3/3
   368 | D:1      | XOM: summons 3 hostile demons
   369 | D:1      | Noticed a red devil
   369 | D:1      | Noticed a sun demon
   371 | D:1      | Slain by a red devil

Levels and vault maps discovered:
D:1:      minmay_arrival_wavy_path, layout_basic,
          hellmonk_ecumenical_altar_inner_sanctum

Skill      XL: |  1 |
---------------+----+-----
Axes           | 4 |  4.6
Fighting       | |  3.6
Armour         | |  2.4
Dodging        | |  1.1

Action                   || total
-------------------------++-------
Melee: Hand axe          ||    43
Invok: Renounce Religion ||     1
Armor: Leather armour    ||    21
Dodge: Dodged            ||    22

Table legend:
 A = Non-vault XP
 B = Vault XP
 C = Vault XP percentage of total XP
 D = Non-vault monster count
 E = Vault monster count
 F = Vault count percentage of total count
                 A         B        C        D         E       F
            +---------+---------+-------+---------+---------+-------
      Total |      39 |       0 |   0.0 |      14 |       0 |   0.0
            +---------+---------+-------+---------+---------+-------
        D:1 |      39 |       0 |   0.0 |      14 |       0 |   0.0
            +---------+---------+-------+---------+---------+-------
